 Dungeon Crawl Stone Soup version 0.29-a0-111-gbaf749a769 (webtiles) character file.

Game seed: 8631680729046234517

226 cyrus the Grave Robber (level 5, 0/36 HPs)
             Began as a Vampire Necromancer on Feb 17, 2022.
             Was a Believer of Lugonu.
             Slain by an orc (2 damage)
             ... on level 4 of the Dungeon on Feb 18, 2022.
             The game lasted 00:19:00 (4283 turns).

cyrus the Grave Robber (Vampire Necromancer)        Turns: 4283, Time: 00:19:00

Health: 0/36       AC:  5    Str:  9    XL:     5   Next: 69%
Magic:  7/10       EV: 12    Int: 17    God:    Lugonu [**....]
Gold:   119        SH:  0    Dex: 15    Spells: 3/10 levels left

rFire   . . .      SeeInvis +   r - +0 morningstar
rCold   . . .      Faith    .   (no shield)
rNeg    . . .      Spirit   .   a - +0 robe
rPois   .          Reflect  .   (no helmet)
rElec   .          Harm     .   v - +2 cloak
rCorr   .          Rampage  .   (no gloves)
Will    .....                   (no boots)
Stlth   ++........              (no amulet)
HPRegen 0.32/turn               (no ring)
MPRegen 0.12/turn               (no ring)

@: healing quickly
A: alive, fangs 3, see invisible, vampiric 2
a: Exsanguinate, Renounce Religion, Depart the Abyss, Bend Space


You were on level 4 of the Dungeon.
You worshipped Lugonu.
Lugonu was pleased with you.
You visited 1 branch of the dungeon, and saw 4 of its levels.

You collected 119 gold pieces.

Inventory:

Hand Weapons
 e - a +0 short sword
 j - a -3 hand axe
 o - a +0 scimitar
 r - a +0 morningstar (weapon)
Missiles
 t - 28 stones
Armour
 a - a +0 robe (worn)
 i - a +0 cloak
 v - a +2 cloak (worn)
Jewellery
 n - a ring of fire
 u - an amulet of the acrobat
Scrolls
 b - 3 scrolls of teleportation {unknown}
 f - 3 scrolls of magic mapping {unknown}
 g - 3 scrolls of identify {unknown}
 h - a scroll of immolation {unknown}
 l - a scroll of holy word {unknown}
 p - 2 scrolls of amnesia {unknown}
 q - 2 scrolls of enchant armour {unknown}
 s - a scroll of fear {unknown}
 x - a scroll of blinking {unknown}
Potions
 c - a potion of ambrosia {unknown}
 d - 3 potions of curing {unknown}
 k - 2 potions of invisibility {unknown}
 m - a potion of degeneration {unknown}
 w - a potion of mutation {unknown}


   Skills:
 + Level 0.6 Fighting
 + Level 0.7 Long Blades
 + Level 1.1 Maces & Flails
 + Level 2.6 Dodging
 + Level 3.2 Stealth
 + Level 0.3 Unarmed Combat
 + Level 3.4 Spellcasting
 + Level 6.0 Necromancy


You had 3 spell levels left.
You knew the following spells:

 Your Spells              Type           Power      Damage    Failure   Level
a - Pain                  Necr           92%        1d8       1%          1
b - Animate Skeleton      Necr           46%        N/A       1%          1
c - Vampiric Draining     Necr           23%        2d7       4%          3
d - Corpse Rot            Necr/Air       26%        N/A       8%          2

Your spell library contained the following spells:

 Spells                   Type           Power      Damage    Failure   Level
 Poisonous Vapours        Pois/Air       4%         N/A       26%         2
 Animate Dead             Necr           11%        N/A       14%         4
 Agony                    Necr           23%        N/A       36%         5


Dungeon Overview and Level Annotations

Branches:
Dungeon (4/15)
 Temple: D:4-7

Altars:
Lugonu

Shops:
D:1 [

Annotations:
D:3 2 transporters, being54's ghost, amateur GnWn


Innate Abilities, Weirdness & Mutations

Your natural rate of healing is accelerated.
You have razor-sharp teeth.
You have supernaturally acute eyesight. (SInv)
You are afflicted with vampirism and can become a bat while bloodless.


Message History

The orc wizard hits you with a +0 dagger.
An orc comes into view. It is wielding a +0 club.
You hit the orc wizard.
You bite the orc wizard, but do no damage.
The orc wizard is heavily wounded.
The orc wizard gestures at you while chanting.
The puff of flame hits you.
The orc priest hits your adder skeleton with a +0 flail.
The orc wizard misses you.
You closely miss the orc wizard.
The orc wizard is heavily wounded.
The orc priest hits your adder skeleton with a +0 flail.
The orc wizard hits you with a +0 dagger.
Your adder skeleton bites the orc priest.
You closely miss the orc wizard.
The orc wizard is heavily wounded.
The orc priest barely misses your adder skeleton.
The orc wizard barely misses you.
Your adder skeleton bites the orc priest.
The orc priest hits your adder skeleton with a +0 flail!
Your adder skeleton is destroyed!
The orc wizard hits you with a +0 dagger.
Casting: Animate Skeleton (safe; 1% risk of failure)
Confirm with . or Enter, or press ? or * to list all spells.
Aiming: Vampiric Draining (dangerous; 4% risk of failure)
Press: ? - help, Shift-Dir - straight line, f - orc wizard
Aim: an orc wizard, wielding a +0 dagger and wearing a +0 robe (heavily wounded, slightly transparent)
You draw life force from the orc wizard!
You kill the orc wizard!
Lugonu accepts your kill.
You feel life coursing into your body.
The orc priest invokes the aid of Beogh against you.
Beogh smites you!
* * * LOW HITPOINT WARNING * * *
You hear a shout!
Your Necromancy skill increases to level 6!
An orc wizard comes into view. It is wielding a +0 dagger.
The orc completely misses you. The orc hits you with a +0 club.
You die...

#..#.. .o...#
##.... ....#
......###....# ...
#.........# ....
#...)# ..#
.....#...## ..#
.........###..#
........oo#...#
#........@...##
......###.....#
......###.....#
........##....# #
........#.....##.#
.................#
..............###
....)..........####
...............##


You could see an orc priest and an orc.

Vanquished Creatures
  A sky beast (D:3)
  An orc wizard (D:4)
  4 adders
  A worm (D:2)
  3 dart slugs (D:1)
  An orc (D:3)
  5 ball pythons
  6 endoplasms
  A giant cockroach (D:3)
  4 goblins
  6 hobgoblins
  5 jackals
  2 quokkas
  6 bats
  3 frilled lizards (D:1)
  7 kobolds
  4 rats
60 creatures vanquished.

Vanquished Creatures (collateral kills)
  An endoplasm (D:2)
  A frilled lizard (D:2)
2 creatures vanquished.

Grand Total: 62 creatures vanquished

Notes
Turn   | Place    | Note
-------+----------+-------------------------------------------
     0 | D:1      | cyrus the Vampire Necromancer began the quest for the Orb.
     0 | D:1      | Reached XP level 1. HP: 13/13 MP: 3/3
     3 | D:1      | Learned a level 1 spell: Animate Skeleton
   192 | D:1      | Found Zaett's Antique Armour Shop.
   279 | D:1      | Reached XP level 2. HP: 18/19 MP: 0/5
   468 | D:1      | Reached skill level 5 in Necromancy
   744 | D:1      | Found a faded altar of an unknown god.
   782 | D:1      | Prayed at the altar of an unknown god.
   782 | D:1      | Became a worshipper of Lugonu the Unformed
   782 | D:1      | Reached * piety under Lugonu
   782 | D:1      | Reached ** piety under Lugonu
  1032 | D:1      | Gained mutation: You are afflicted with vampirism and can
                  | become a bat while bloodless. [Vampire growth]
  1032 | D:1      | Reached XP level 3. HP: 24/24 MP: 4/6
  1583 | D:2      | Learned a level 3 spell: Vampiric Draining
  2112 | D:2      | Reached XP level 4. HP: 30/30 MP: 5/8
  2900 | D:3      | Learned a level 2 spell: Corpse Rot
  3117 | D:3      | Noticed being54's ghost (amateur GnWn)
  3128 | D:3      | Found a transporter.
  3157 | D:3      | Found a transporter.
  3378 | D:3      | Noticed a sky beast
  3394 | D:3      | Killed a sky beast
  3395 | D:3      | Reached XP level 5. HP: 7/36 MP: 2/10
  4264 | D:4      | Reached skill level 1 in Maces & Flails
  4278 | D:4      | HP: 1/36 [orc priest/divine providence (15)]
  4279 | D:4      | Reached skill level 6 in Necromancy
  4283 | D:4      | Slain by an orc

Illustrated notes

Levels and vault maps discovered:
D:1:      nicolae_arrival_memento_mori, layout_basic,
          ebering_ecumenical_altar_rust, serial_shops, nicolae_shop_crystal,
          minmay_misc_feat_hallway
D:2:      layout_basic
D:3:      layout_loops_ring, gammafunk_ghost_stat_death, dk_noncrumbling_4
D:4:      layout_cave_pools, mainiacjoe_overflow_catwalk,
          gup_sewer_entry_spiral, minmay_fractal_squares_5

Skill      XL: |  1  2  3  4  5 |
---------------+----------------+-----
Necromancy     | 5 6 |  6.0
Spellcasting   | 3 |  3.4
Maces & Flails | 1 |  1.1
Fighting       | |  0.6
Long Blades    | |  0.7
Dodging        | |  2.6
Stealth        | |  3.2
Unarmed Combat | |  0.3

Action                   |  1- 3 |  4- 6 || total
-------------------------+-------+-------++-------
Melee: Unarmed           |    16 |       ||    16
       Short sword       |    52 |       ||    52
       Bite              |     6 |     7 ||    13
       Morningstar       |       |    38 ||    38
       Scimitar          |       |    14 ||    14
 Cast: Pain              |    44 |    23 ||    67
       Animate Skeleton  |     4 |     2 ||     6
       Vampiric Draining |     2 |     2 ||     4
Invok: Bend Space        |       |     1 ||     1
 Stab: Sleeping          |     1 |       ||     1
Armor: Robe              |    13 |    13 ||    26
Dodge: Dodged            |    55 |    48 ||   103

Table legend: (Time is in decaauts)
 A = Elapsed time spent in this place.
 B = Non-inter-level travel time spent in this place.
 C = Inter-level travel time spent in this place.
 D = Time resting spent in this place.
 E = Time spent auto-exploring this place.
 F = Levels seen in this place.
 G = Mean time per level.
                   A        B        C        D        E       F      G
               +--------+--------+--------+--------+--------+-----+--------+
         Total |   4309 |   4054 |    255 |    889 |   2330 |   4 | 1077.2 |
       Dungeon |   4309 |   4054 |    255 |    889 |   2330 |   4 | 1077.2 |
               +--------+--------+--------+--------+--------+-----+--------+

Top non-repeatable levels by time:
     D:1: 1530 daAuts
     D:3: 1365 daAuts
     D:2: 1331 daAuts
     D:4: 82 daAuts
